 Dungeon Crawl Stone Soup version 0.28-a0-794-gafe8c5f9e9 (webtiles) character file.

Game seed: 493272501371119628

188030 gimp the Protected (level 18, -2/100 HPs)
             Began as a Vine Stalker Wanderer on Nov 6, 2021.
             Was the Champion of Okawaru.
             Hit by a silver javelin thrown by a merfolk javelineer (3 damage)
             ... on level 1 of the Shoals.
             The game lasted 01:27:00 (35510 turns).

gimp the Protected (Vine Stalker Wanderer)         Turns: 35510, Time: 01:27:01

Health: -2/100     AC: 24    Str: 17    XL:     18   Next: 8%
Magic:  0/27       EV: 11    Int: 12    God:    Okawaru [******]
Gold:   1539       SH: 16    Dex: 16    Spells: 20/21 levels left

rFire   + . .      SeeInvis +   b - +3 scimitar (flame)
rCold   . . .      Faith    .   l - +3 warlock's mirror {reflect}
rNeg    + . .      Spirit   +   J - +1 chain mail {rN+}
rPois   +          Reflect  +   s - +2 hat {SInv}
rElec   +          Harm     .   f - +1 cloak {rPois}
rCorr   .          Rampage  .   n - +1 pair of gloves {archery}
Will    +++..                   N - +2 pair of boots
Stlth   ..........              u - brooch of Shielding {Spirit SH+8}
HPRegen 1.26/turn               O - ring "Budwonlie" {rElec Will+ Int-4 SInv Stlth+}
MPRegen 0.20/turn               P - ring of protection from fire

@: very slightly contaminated, invisible, very slow
A: fangs 3, regeneration 1, magic shield, antimagic bite, no potion heal 2
}: 1/15 runes: serpentine
a: Renounce Religion, Heroism, Finesse, Duel


You were on level 1 of the Shoals.
You worshipped Okawaru.
Okawaru was exalted by your worship.
You visited 6 branches of the dungeon, and saw 29 of its levels.

You collected 2861 gold pieces.
You spent 1322 gold pieces at shops.

Inventory:

Hand Weapons
 a - a +2 dagger of venom
 b - a +3 scimitar of flaming (weapon)
Missiles
 d - a curare-tipped dart
 B - 21 javelins
 H - 19 silver boomerangs
 T - 14 silver javelins
Armour
 f - a +1 cloak of poison resistance (worn)
 l - the +3 warlock's mirror (worn) {reflect}
   (You acquired it on level 3 of the Dungeon)

   It can block and reflect piercing ranged attacks and magical attacks against
   the wielder's willpower.
 m - a +2 kite shield
 n - a +1 pair of gloves of archery (worn)
 s - a +2 hat of see invisible (worn)
 C - a +0 leather armour of cold resistance
 F - a +0 leather armour of poison resistance
 J - a +1 chain mail of positive energy (worn)
 N - a +2 pair of boots (worn)
 Y - +0 acid dragon scales
Jewellery
 u - the brooch of Shielding (around neck) {Spirit SH+8}
   (You found it on level 5 of the Dungeon)

   [amulet of guardian spirit]

   It causes incoming damage to be divided between your reserves of health and
   magic.
   SH:        It affects your SH (+8).
 K - a ring of ice
 O - the ring "Budwonlie" (left hand) {rElec Will+ Int-4 SInv Stlth+}
   (You bought it in a shop on level 2 of the Orcish Mines)

   [ring of see invisible]

   Int:       It affects your intelligence (-4).
   rElec:     It insulates you from electricity.
   SInv:      It lets you see invisible.
   Will:      It increases your willpower.
   Stlth:     It makes you more stealthy.
 P - a ring of protection from fire (right hand)
 V - a ring of positive energy
Wands
 o - a wand of iceblast (14)
 w - a wand of polymorph (14)
 y - a wand of flame (117)
 D - a wand of mindburst (31)
 I - a wand of acid (34)
 M - a wand of paralysis (9)
Scrolls
 c - 5 scrolls of amnesia
 i - 4 scrolls of fog
 k - 11 scrolls of teleportation
 x - 4 scrolls of magic mapping
 A - 3 scrolls of enchant armour
 L - 3 scrolls of brand weapon
 X - 3 scrolls of identify
 Z - a scroll of enchant weapon
Potions
 e - 2 potions of resistance
 g - 4 potions of mutation
 p - 4 potions of haste
 t - 10 potions of curing
 v - 5 potions of might
 z - 4 potions of brilliance
 G - 5 potions of flight
 Q - a potion of ambrosia
 R - a potion of cancellation
 W - a potion of berserk rage


   Skills:
 - Level 13.0 Fighting
 - Level 9.9(12.6) Short Blades
 - Level 12.6(14.0) Long Blades
 - Level 6.0 Throwing
 * Level 13.7 Armour
 + Level 7.9 Dodging
 - Level 4.0 Shields
 - Level 2.1 Spellcasting
 - Level 3.0 Transmutations
 - Level 11.0 Invocations
 - Level 11.0 Evocations


You had 20 spell levels left.
You knew the following spells:

 Your Spells              Type           Power      Damage    Failure   Level
a - Beastly Appendage     Tmut           16%        N/A       52%         1

Your spell library contained the following spells:

 Spells                   Type           Power      Damage    Failure   Level
 Wereblood                Tmut           8%         N/A       65%         2
 Sting                    Tmut/Pois      16%        1d3       73%         1
 Passwall                 Tmut/Erth      3%         N/A       86%         2
 Pain                     Necr           4%         1d4       90%         1
 Sandblast                Erth           2%         2d4       90%         1
 Corpse Rot               Necr/Air       2%         N/A       97%         2
 Ensorcelled Hibernation  Hex/Ice        2%         N/A       97%         2
 Poisonous Vapours        Pois/Air       2%         N/A       97%         2
 Searing Ray              Conj           2%         2d4       97%         2
 Static Discharge         Conj/Air       1%         N/A       97%         2
 Spider Form              Tmut/Pois      4%         N/A       97%         3
 Conjure Flame            Conj/Fire      1%         6-21      99%         3
 Frozen Ramparts          Ice            2%         1d2       99%         3
 Gell's Gravitas          Tloc           1%         N/A       99%         3
 Ignite Poison            Fire/Tmut/Pois 3%         N/A       99%         3
 Lesser Beckoning         Tloc           1%         N/A       99%         3
 Ozocubu's Armour         Ice            1%         N/A       99%         3
 Stone Arrow              Conj/Erth      2%         3d7       99%         3
 Teleport Other           Tloc           1%         N/A       99%         3
 Vampiric Draining        Necr           1%         2d6       99%         3
 Ice Form                 Ice/Tmut       4%         N/A       100%        4
 Olgreb's Toxic Radiance  Pois           1%         N/A       100%        4
 Sticky Flame             Conj/Fire      1%         2d3       100%        4
 Blade Hands              Tmut           4%         N/A       100%        5
 Irradiate                Conj/Tmut      2%         3d14      100%        5
 Iskenderun's Battlesphe  Conj           1%         2d6       100%        5
 Iron Shot                Conj/Erth      0%         9d1       100%        6
 Dragon Form              Tmut           4%         N/A       100%        7
 Ozocubu's Refrigeration  Ice            0%         4d5       100%        7
 Lehudib's Crystal Spear  Conj/Erth      0%         10d2      100%        8
 Animate Skeleton         Necr           Unusable   N/A       N/A         1
 Animate Armour           Summ/Erth      Unusable   N/A       N/A         4
 Summon Ice Beast         Ice/Summ       Unusable   N/A       N/A         4
 Spellforged Servitor     Conj/Summ      Unusable   N/A       N/A         7

Dungeon Overview and Level Annotations

Branches:
Dungeon (15/15)            Temple (1/1) D:5            Lair (6/6) D:10
 Shoals (1/4) Lair:4        Snake (4/4) Lair:4        Slime (0/5) Lair:6
    Orc (2/2) D:12            Elf (0/3) Orc:2        Vaults (0/5) D:13
 Depths (0/4) D:15

Altars:
Ashenzari
Cheibriados
Dithmenos
Elyvilon
Fedhas
Gozag
Hepliaklqana
Kikubaaqudgha
Makhleb
Nemelex Xobeh
Okawaru
Qazlal
Ru
Sif Muna
Trog
Uskayaw
Vehumet
Wu Jian
Xom
Yredelemnul
Zin
The Shining One
Jiyva

Shops:
D:2 (*   D:12 *   Orc:1 !   Orc:2 (=(==   Snake:1 ?   Snake:4 (

Annotations:
D:6 1 runed translucent door, hgbash's ghost, novice GrCj
D:7 3 runed translucent doors, Leeroy's ghost, novice DrTm
D:12 3 runed translucent doors, frimble's ghost, journeyman TrWr
D:13 3 runed translucent doors, Ukaciemu's ghost, journeyman MiBe
Lair:3 2 transporters, jasper's ghost, journeyman DsCA
Lair:6 exclusion: 3 doors


Innate Abilities, Weirdness & Mutations

You have razor-sharp teeth.
Your natural rate of healing is unusually fast.
When hurt, damage is shared between your health and your magic reserves.
Your bite disrupts and absorbs the magic of your enemies.
Potions cannot restore your health.


Message History

* * * LOW HITPOINT WARNING * * *
Your lungs strain for air!
The water elemental hits you!
* * * LOW HITPOINT WARNING * * *
The manticore flicks its tail.
You take 6 damage, and have 15/100 hp.
You now have 17/27 mp.
You hit the water elemental but do no damage.
The water elemental is almost destroyed.
* * * LOW HITPOINT WARNING * * *
Your lungs strain for air!
The water elemental hits you.
The manticore flicks its tail.
You take 2 damage, and have 13/100 hp.
You now have 15/27 mp.
Your unstable footing causes you to fumble your attack.
* * * LOW HITPOINT WARNING * * *
Your lungs strain for air!
The water elemental closely misses you.
You take 2 damage, and have 11/100 hp.
You now have 13/27 mp.
You hit the water elemental. You burn the water elemental.
You destroy the water elemental!
Okawaru accepts your kill.
You gasp with relief as air once again reaches your lungs.
The manticore flicks its tail.
Blink to where?
Press: ? - help, Dir - move target Splash!
As you read the scroll of blinking, it crumbles to dust.
The merfolk shouts!
The merfolk javelineer shouts!
You hear a shout!
The merfolk javelineer throws a silver javelin.
The silver javelin pierces through you!
* * * LOW HITPOINT WARNING * * *
x2 You take 7 damage, and have 5/100 hp.
You now have 5/27 mp.
As you read the scroll of fear, it crumbles to dust.
You assume a fearsome visage.
The manticore looks frightened!
The merfolk looks frightened! x3
The merfolk javelineer resists with some effort.
The merfolk javelineer throws a silver javelin.
The silver javelin pierces through you!
* * * LOW HITPOINT WARNING * * *
You die...

≈≈≈≈≈≈≈≈≈≈≈≈≈≈≈≈
≈≈≈≈≈≈≈≈≈≈≈≈≈≈≈≈≈≈≈≈≈≈
≈≈≈≈≈≈≈?.≈≈≈≈≈≈≈≈≈≈≈≈≈
≈≈≈≈≈≈≈≈≈≈≈≈≈≈≈≈≈≈≈≈≈≈
≈≈≈≈.m≈≈≈≈≈≈≈≈≈≈≈≈≈≈≈≈
≈≈≈≈..≈≈≈≈≈≈≈≈≈≈≈≈≈≈≈≈
..≈≈...≈≈≈≈≈≈≈≈≈≈≈H≈≈≈
..≈≈......(≈≈≈≈≈≈≈≈≈≈≈
#.≈≈≈..##..≈≈≈@≈≈≈≈≈≈≈
≈≈≈≈......≈≈≈≈≈≈≈≈.≈≈
≈≈≈≈≈...≈≈≈≈≈≈≈≈≈≈.≈≈
≈.≈≈≈≈≈.≈≈≈≈≈..m≈≈≈≈≈≈
...≈≈≈≈≈≈≈≈....≈≈≈...≈
..m.$≈≈≈≈≈≈<)m.≈≈≈##..
≈≈..≈.....≈≈≈≈≈≈≈...≈≈
≈≈≈..m§...##....≈≈..≈
≈≈≈≈§§§HH##§.m.mm≈≈.≈


You could see a merfolk javelineer, a merfolk (fleeing) and a manticore
(fleeing).

Vanquished Creatures
  Gastronok (Lair:1)
  8 nagarajas
  A fire giant (D:15)
  A salamander tyrant (Snake:4)
  6 vault guards
  Erolcha (D:11)
  A rakshasa (D:15)
  21 naga warriors
  2 catoblepae
  5 hydras
  5 anacondas
  A death knight (D:12)
  Erica (D:8)
  6 boulder beetles
  5 centaur warriors
  3 two-headed ogres
  6 tengu warriors
  9 shock serpents
  Urug (D:10)
  11 naga sharpshooters
  4 orc high priests (Orc:2)
  12 skeletal warriors
  A shadow wraith (D:14)
  3 sea snakes
  3 salamander mystics
  8 naga ritualists
  2 phantasmal warriors (D:12)
  A deep elf archer (D:15)
  A lindwurm (Lair:6)
  5 harpies
  11 mana vipers
  6 orc knights
  4 orc sorcerers (Orc:2)
  17 ugly things
  5 manticores
  6 elephants
  6 cyclopes
  15 salamanders
  3 guardian serpents
  42 black mambas
  Joseph (D:9)
  A black mamba (shapeshifter) (D:14)
  10 cane toads
  A merfolk siren (Shoals:1)
  17 naga magi
  Maggie (Lair:1)
  A yaktaur (D:15)
  A rime drake (Lair:4)
  2 efreet (D:14)
  A gargoyle (D:13)
  13 komodo dragons
  A freezing wraith (D:14)
  4 red devils (D:13)
  4 meliai
  5 trolls
  A wind drake (Lair:4)
  Prince Ribbit (D:8)
  2 hornets (D:15)
  11 slime creatures
  Grinder (D:3)
  A polar bear (Lair:2)
  10 blink frogs
  A shadow (D:14)
  2 wraiths
  39 yaks
  A water elemental (Shoals:1)
  3 wyverns
  8 basilisks
  12 humans
  A steam dragon (Lair:4)
  2 vampire mosquitoes (D:12)
  5 wargs
  71 nagas
  2 acid dragons
  8 water moccasins
  3 sky beasts
  2 black bears
  20 orc warriors
  3 ice beasts
  3 necrophages
  8 ogres
  A boggart (D:15)
  7 centaurs
  3 phantoms
  31 wolves
  Blork the orc (D:5)
  4 kobold brigands
  12 bullfrogs
  A wyvern zombie (D:8)
  A water moccasin zombie (D:4)
  3 scorpions
  A wyvern skeleton (D:6)
  11 killer bees
  13 wights
  4 electric eels (Snake:1)
  5 howler monkeys
  3 centaur zombies
  2 hounds
  2 bullfrog zombies
  3 jellies
  13 orc priests
  A bullfrog skeleton (D:6)
  A gnoll shaman (D:4)
  12 orc wizards
  4 iguanas
  Natasha (twice) (D:3)
  A hound skeleton (D:4)
  Robin (D:3)
  8 gnolls
  5 adders
  2 white imps
  2 ufetubi
  A worm (D:2)
  4 dart slugs
  46 orcs
  6 ball pythons
  3 bats
  8 endoplasms
  3 giant cockroaches
  18 goblins
  11 hobgoblins
  3 jackals (D:4)
  2 quokkas
  4 frilled lizards
  17 kobolds
  3 rats
823 creatures vanquished.

Vanquished Creatures (others)
  A nagaraja (Snake:4)
  A naga ritualist (Snake:3)
  A naga mage (Snake:4)
  A naga (Snake:3)
  A human (D:5)
  An orc priest (Orc:2)
  27 fungi
  68 plants
  A withered plant (Lair:6)
102 creatures vanquished.

Grand Total: 925 creatures vanquished

Notes
Turn   | Place    | Note
-------+----------+-------------------------------------------
     0 | D:1      | gimp the Vine Stalker Wanderer began the quest for the Orb.
     0 | D:1      | gimp set off with the following items: a +0 club, a +0
                  | robe, a potion of lignification; and the following spell
                  | memorised: Beastly Appendage; and the following spells
                  | available to memorise: Wereblood, Searing Ray, Static
                  | Discharge, Spider Form, Ice Form
     0 | D:1      | Reached XP level 1. HP: 9/9 MP: 4/4
   360 | D:1      | Reached skill level 1 in Fighting
   508 | D:1      | Reached XP level 2. HP: 11/14 MP: 4/6
  1292 | D:1      | Reached XP level 3. HP: 15/18 MP: 5/7
  1689 | D:2      | Found Renauf's Weapon Shop.
  1954 | D:2      | Found Cagock's General Store.
  1962 | D:2      | Bought a scroll of magic mapping for 49 gold pieces
  2131 | D:2      | Found a faded altar of an unknown god.
  2302 | D:3      | Reached skill level 1 in Short Blades
  2325 | D:2      | Gained mutation: Your natural rate of healing is unusually
                  | fast. [Vine Stalker growth]
  2325 | D:2      | Reached XP level 4. HP: 6/23 MP: 4/8
  2443 | D:3      | Noticed a black bear
  2456 | D:2      | Killed a black bear
  2457 | D:2      | Reached XP level 5. HP: 18/28 MP: 2/9
  2703 | D:3      | Noticed Robin
  2739 | D:3      | Killed Robin
  2821 | D:3      | Found a shimmering altar of Xom.
  2839 | D:3      | Reached XP level 6. HP: 32/32 MP: 10/10
  2896 | D:3      | Noticed Natasha
  2904 | D:3      | Killed Natasha
  2912 | D:3      | Noticed Natasha
  2923 | D:3      | Killed Natasha
  3030 | D:3      | Noticed Grinder
  3045 | D:3      | Paralysed by Grinder for 6 turns
  3067 | D:3      | Killed Grinder
  3068 | D:3      | Reached skill level 5 in Short Blades
  3068 | D:3      | Reached XP level 7. HP: 5/36 MP: 0/11
  3284 | D:3      | Identified a scroll of acquirement
  3285 | D:3      | Acquired the +3 warlock's mirror {reflect}
  3285 | D:3      | Found the +3 warlock's mirror {reflect}
  4011 | D:4      | Gained mutation: You have razor-sharp teeth. [Vine Stalker
                  | growth]
  4011 | D:4      | Reached XP level 8. HP: 30/40 MP: 12/12
  4414 | D:5      | Entered Level 5 of the Dungeon
  4546 | D:5      | Found a snail-covered altar of Cheibriados.
  4547 | D:5      | Found the brooch of Shielding {Spirit SH+8}
  4609 | D:5      | Noticed a wyvern
  4618 | D:5      | Killed a wyvern
  4634 | D:5      | Noticed Blork the orc
  4651 | D:5      | Killed Blork the orc
  4798 | D:5      | Reached XP level 9. HP: 44/44 MP: 13/13
  5022 | D:5      | Found an ancient bone altar of Kikubaaqudgha.
  5087 | D:5      | Found a staircase to the Ecumenical Temple.
  5160 | Temple   | Entered the Ecumenical Temple
  5330 | Temple   | Became a worshipper of Warmaster Okawaru
  5546 | D:6      | Reached skill level 1 in Armour
  5546 | D:6      | Reached skill level 1 in Invocations
  5559 | D:5      | Found a blossoming altar of Fedhas.
  5596 | D:6      | Reached * piety under Okawaru
  5738 | D:6      | Reached ** piety under Okawaru
  6041 | D:6      | Reached XP level 10. HP: 46/49 MP: 14/14
  6097 | D:6      | Reached *** piety under Okawaru
  6138 | D:6      | Found a runed translucent door.
  6138 | D:6      | Noticed hgbash's ghost (novice GrCj)
  7037 | D:7      | Found a runed translucent gate.
  7037 | D:7      | Found a runed translucent gate.
  7037 | D:7      | Found a runed translucent gate.
  7038 | D:7      | Noticed Leeroy's ghost (novice DrTm)
  7146 | D:8      | Noticed Prince Ribbit
  7342 | D:7      | Reached skill level 5 in Dodging
  7446 | D:8      | Killed Prince Ribbit
  7538 | D:8      | Reached skill level 5 in Invocations
  7663 | D:8      | Reached **** piety under Okawaru
  7762 | D:8      | Received a gift from Okawaru
  7915 | D:8      | Reached skill level 5 in Armour
  8115 | D:8      | Found a sparkling altar of Nemelex Xobeh.
  8363 | D:9      | Noticed Erica
  8377 | D:8      | Reached XP level 11. HP: 46/52 MP: 16/16
  8433 | D:8      | Killed Erica
  8721 | D:9      | Noticed Joseph
  8733 | D:9      | Killed Joseph
  8734 | D:9      | Reached skill level 1 in Evocations
  9062 | D:10     | Entered Level 10 of the Dungeon
  9083 | D:9      | Acquired a manual of Fighting
  9240 | D:10     | Noticed Grum
  9271 | D:9      | Noticed Grum
  9271 | D:9      | Grum changed into Grum the ball python
  9272 | D:9      | Killed Grum the ball python
  9380 | D:10     | Reached skill level 5 in Fighting
  9414 | D:10     | Found an ornate altar of the Wu Jian Council.
  9473 | D:10     | Noticed a two-headed ogre
  9473 | D:10     | Noticed Urug
  9807 | D:9      | Killed a two-headed ogre
  9930 | D:10     | Killed Urug
  9930 | D:10     | Reached ***** piety under Okawaru
 10050 | D:10     | Found a staircase to the Lair.
 10082 | D:10     | Received a gift from Okawaru
 10856 | D:11     | Noticed a skeletal warrior
 10857 | D:11     | Noticed a skeletal warrior
 10857 | D:11     | Noticed a skeletal warrior
 10857 | D:11     | Noticed a skeletal warrior
 10927 | Lair:1   | Entered Level 1 of the Lair of Beasts
 10964 | Lair:1   | Reached skill level 5 in Evocations
 11097 | Lair:1   | Noticed Maggie
 11116 | Lair:1   | Killed Maggie
 11175 | Lair:1   | Noticed Gastronok
 11194 | Lair:1   | Killed Gastronok
 11328 | Lair:1   | Reached XP level 12. HP: 59/63 MP: 18/18
 12086 | Lair:2   | Reached skill level 5 in Long Blades
 12096 | Lair:2   | Noticed a catoblepas
 12118 | Lair:2   | Killed a catoblepas
 12932 | Lair:3   | Noticed a boulder beetle
 12936 | Lair:3   | Noticed jasper's ghost (journeyman DsCA)
 12938 | Lair:3   | Noticed a boulder beetle
 12962 | Lair:3   | Killed a boulder beetle
 12962 | Lair:3   | Reached ****** piety under Okawaru
 12962 | Lair:3   | Received a gift from Okawaru
 12976 | Lair:3   | Found a transporter.
 13168 | Lair:3   | Found a transporter.
 13178 | Lair:3   | Found the +3 pair of seven-league boots {Rampage+∞}
 13350 | Lair:3   | Reached XP level 13. HP: 68/70 MP: 19/19
 13802 | Lair:4   | Found a staircase to the Snake Pit.
 14080 | Lair:4   | Found a staircase to the Shoals.
 15221 | Lair:5   | Reached skill level 10 in Long Blades
 15344 | Lair:6   | Entered Level 6 of the Lair of Beasts
 15892 | Lair:6   | Received a gift from Okawaru
 16122 | Lair:6   | Received a gift from Okawaru
 16172 | Lair:6   | Found a viscous altar of Jiyva.
 16172 | Lair:6   | Found a staircase to the Slime Pits.
 16665 | D:11     | Received a gift from Okawaru
 16849 | D:11     | Reached XP level 14. HP: 75/75 MP: 20/20
 17436 | D:11     | Found a white marble altar of Elyvilon.
 18328 | D:12     | Found a staircase to the Orcish Mines.
 18740 | D:12     | Reached skill level 10 in Evocations
 18901 | D:12     | Found a runed translucent gate.
 18902 | D:12     | Found a runed translucent gate.
 18902 | D:12     | Found an opulent altar of Gozag.
 18903 | D:12     | Found a runed translucent gate.
 18905 | D:12     | Noticed frimble's ghost (journeyman TrWr)
 18906 | D:12     | Noticed a fire giant
 18907 | D:12     | Found Eddon's Assorted Antiques.
 19633 | D:13     | Found a runed translucent gate.
 19638 | D:13     | Found a runed translucent gate.
 19639 | D:13     | Found a runed translucent gate.
 19640 | D:13     | Noticed an azure jelly
 19640 | D:13     | Noticed a rockslime
 19640 | D:13     | Noticed an azure jelly
 19640 | D:13     | Noticed Ukaciemu's ghost (journeyman MiBe)
 19640 | D:13     | Noticed a quicksilver ooze
 19640 | D:13     | Noticed an acid blob
 19640 | D:13     | Noticed an acid blob
 19641 | D:13     | Noticed an azure jelly
 19952 | D:12     | Received a gift from Okawaru
 20139 | D:13     | Received a gift from Okawaru
 20199 | D:13     | Found a gate to the Vaults.
 20412 | D:13     | Found a viscous altar of Jiyva.
 20496 | Orc:1    | Entered Level 1 of the Orcish Mines
 20690 | Orc:1    | Found Nuudd's Distillery.
 20713 | Orc:1    | Bought 2 potions of might for 120 gold pieces
 20713 | Orc:1    | Bought 2 potions of haste for 300 gold pieces
 20713 | Orc:1    | Bought a potion of resistance for 150 gold pieces
 20713 | Orc:1    | Bought 2 potions of curing for 90 gold pieces
 20713 | Orc:1    | Bought a potion of cancellation for 120 gold pieces
 20926 | Orc:1    | Found a bloodstained altar of Trog.
 21216 | Orc:2    | Entered Level 2 of the Orcish Mines
 21264 | Orc:2    | Found Feehup's Jewellery Shoppe.
 21272 | Orc:2    | Bought the ring "Budwonlie" {rElec Will+ Int-4 SInv Stlth+}
                  | for 493 gold pieces
 21692 | Orc:2    | Found a staircase to the Elven Halls.
 22321 | Orc:2    | Reached XP level 15. HP: 79/79 MP: 15/21
 22733 | Orc:2    | Found Atufirut's Antique Weapon Shoppe.
 22733 | Orc:2    | Found Facoem's Jewellery Boutique.
 22735 | Orc:2    | Found Gaxeup's Jewellery Shoppe.
 22735 | Orc:2    | Found Wiatiunu's Weapon Boutique.
 23334 | D:14     | Reached skill level 10 in Fighting
 23416 | D:14     | Found a shadowy altar of Dithmenos.
 23475 | D:14     | Received a gift from Okawaru
 23757 | D:14     | Received a gift from Okawaru
 24075 | D:15     | Entered Level 15 of the Dungeon
 24580 | D:15     | Noticed a fire giant
 24580 | D:15     | Found a staircase to the Depths.
 24637 | D:15     | Killed a fire giant
 24812 | D:15     | Paralysed by a hornet for 1 turns
 25036 | D:15     | Reached skill level 5 in Throwing
 25213 | D:15     | Received a gift from Okawaru
 25513 | D:15     | Reached XP level 16. HP: 59/88 MP: 14/24
 25742 | D:15     | Found a shimmering altar of Xom.
 25742 | D:15     | Found a shimmering altar of Xom.
 25742 | D:15     | Found a shimmering altar of Xom.
 25742 | D:15     | Found a shimmering altar of Xom.
 25743 | D:15     | Found a shimmering altar of Xom.
 25744 | D:15     | Found a shimmering altar of Xom.
 25744 | D:15     | Found a shimmering altar of Xom.
 26045 | D:11     | Noticed Erolcha
 26051 | D:11     | Killed Erolcha
 26140 | Snake:1  | Entered Level 1 of the Snake Pit
 26329 | Snake:1  | Found Watal's Magic Scroll Boutique.
 26774 | Snake:1  | Reached skill level 10 in Invocations
 27560 | Snake:2  | Received a gift from Okawaru
 28266 | Snake:2  | Received a gift from Okawaru
 28749 | Snake:3  | Received a gift from Okawaru
 29024 | Snake:3  | Reached skill level 10 in Armour
 29756 | Snake:3  | Reached XP level 17. HP: 42/95 MP: 11/26
 30713 | Snake:4  | Entered Level 4 of the Snake Pit
 31496 | Snake:3  | Received a gift from Okawaru
 32541 | Snake:4  | Identified the -3 buckler of the Quahog {*Corrode rC+
                  | Regen+ Str+5}
 32562 | Snake:4  | Found Kuzuhy's Antique Weapon Emporium.
 33813 | Snake:4  | Received a gift from Okawaru
 34796 | Snake:4  | Reached XP level 18. HP: 88/100 MP: 24/27
 34936 | Snake:4  | Got a serpentine rune of Zot
 35163 | Shoals:1 | Entered Level 1 of the Shoals
 35479 | Shoals:1 | Noticed a tentacled monstrosity
 35509 | Shoals:1 | HP: 5/100 [merfolk javelineer/silver javelin (1)]
 35510 | Shoals:1 | HP: 1/100 [merfolk javelineer/silver javelin (5)]
 35510 | Shoals:1 | Hit by a silver javelin thrown by a merfolk javelineer

Illustrated notes

Levels and vault maps discovered:
D:1:      lightli_arrival_statue_moat, layout_loops_ring,
          corexii_leaking_fountain, nrook_mini_vaults
D:2:      layout_loops_ring, serial_shops, nicolae_shop_statue_plus,
          nicolae_diamond_shop, shapermc_ecumenical_altar_mp_urbaneastern
D:3:      layout_rooms, mainiacjoe_overflow_chevrons,
          minmay_fractal_squares_diagonal_5, uniq_robin, uniq_grinder,
          uniq_natasha
D:4:      layout_loops_corners
D:5:      layout_rooms, nicolae_overflow_hidden_temple, cheibriados_altar_1,
          tgw_kikubaaqudgha, minmay_temple_entry_enclosed_plants,
          uniq_blork_the_orc
D:6:      layout_basic, gammafunk_ghost_grave, chequers_serial_rivers_small_3,
          minmay_ruffians
D:7:      wad_pebble_path, layout_basic, ebering_ghost_rock_garden
D:8:      layout_rooms, nemelex_spade_bored_becter, minmay_circle_x,
          uniq_prince_ribbit1
D:9:      layout_roguey, uniq_erica, uniq_joseph
D:10:     layout_loops_cross, nicolae_wu_jian_immortal_techniques,
          david_lair_generic, minmay_misc_feat_square,
          minmay_unpleasant_kobolds, uniq_grum, uniq_urug
D:11:     layout_loops_corners, elyvilon_altar_4, uniq_erolcha
D:12:     layout_grid_maze, orc_0_dummy, ebering_ghost_gozag
D:13:     layout_irregular_city, ximxim_vaults_locker_room,
          gammafunk_ghost_ooze, small_statue_intersection,
          einodemon_armed_red_devil_minivault
D:14:     layout_rooms, grunt_dithmenos_shadows, minmay_door_square
D:15:     grunt_enter_depths_giant_problem, layout_cave_pools, xom_redecorated,
          minivault_28
Temple:   eino_temple_scatter_basement
Lair:1:   layout_hall_layers, uniq_maggie, uniq_gastronok
Lair:2:   layout_long_grid, minivault_24, beast_lair_carwin_10,
          infiniplex_staircase_pool_2, lemuel_fruit_fields
Lair:3:   layout_loops_ring, gammafunk_ghost_arena, lemuel_fruit_tree
Lair:4:   layout_roguey, shoals_dummy_entry, dummy_snake_entry, minivault_11,
          chequers_serial_rivers_large_b
Lair:5:   layout_misc_corridors, minmay_stone_trees_small, grunt_megastairs_5
Lair:6:   due_jungle_book, layout_regular_city, dpeg_slime_entry_enclosed_altar,
          serial_bayou_shore_b
Shoals:1: dreamdust_from_the_deep, layout_shoals, serial_shops, shop_statue,
          shop_fountains, shop
Snake:1:  layout_misc_corridors, nicolae_take_the_stairs, serial_bayou_shore_a,
          serial_bayou_shore_b, grunt_megastairs_2
Snake:2:  layout_layer_cave, grunt_megastairs_3
Snake:3:  layout_chambers, serial_bayou_lagoon_a
Snake:4:  minmay_snake_end_coiled, layout_rooms, serial_shops, shop
Orc:1:    layout_diamond_mine, serial_shops, nicolae_shop_crystal,
          trog_butcher_becter
Orc:2:    grunt_orc_tribal_feast, layout_caves, serial_shops, shop_fountains

Skill      XL: |  1  2  3  4  5  6  7  8  9 10 11 12 13 14 15 16 17 |
---------------+----------------------------------------------------+-----
Fighting       | 1 2 3 7 9 11 13 | 13.0
Short Blades   | 1 3 4 5 6 8 9 |  9.9
Shields        | 2 3 4 |  4.0
Dodging        | 3 4 5 7 |  7.9
Armour         | 2 5 7 8 11 13 | 13.7
Invocations    | 3 6 7 9 11 | 11.0
Evocations     | 5 7 9 11 | 11.0
Long Blades    | 3 8 11 12 | 12.6
Throwing       | 5 6 |  6.0
Spellcasting   | |  2.1
Transmutations | |  3.0

Action                   |  1- 3 |  4- 6 |  7- 9 | 10-12 | 13-15 | 16-18 || total
-------------------------+-------+-------+-------+-------+-------+-------++-------
Melee: Club              |    13 |       |       |       |       |       ||    13
       Dagger            |   113 |   116 |   464 |  1018 |  1208 |    40 ||  2959
       Bite              |    22 |    36 |   146 |   374 |   820 |   560 ||  1958
       Scimitar          |       |       |       |   195 |   949 |  1556 ||  2700
       Headbutt          |       |       |       |     5 |       |       ||     5
       Kick              |       |       |       |     4 |       |       ||     4
 Cast: Beastly Appendage |       |       |       |     1 |       |       ||     1
Invok: Heroism           |       |       |       |       |     2 |     2 ||     4
Evoke: Wand              |       |       |     1 |    22 |     2 |    16 ||    41
  Use: Potion            |       |     3 |       |       |       |     2 ||     5
       Scroll            |       |       |    10 |    11 |     8 |     9 ||    38
 Stab: Paralysed         |       |       |       |     4 |       |     2 ||     6
       Petrifying        |       |       |       |     2 |       |       ||     2
       Petrified         |       |       |       |       |     8 |       ||     8
       Sleeping          |       |       |       |       |     1 |     4 ||     5
       Distracted        |       |       |       |       |     1 |     2 ||     3
Armor: Ring mail         |    27 |    44 |    42 |    35 |       |       ||   148
       Robe              |     1 |       |       |       |       |       ||     1
       Skin              |       |    12 |       |       |       |       ||    12
       Leather armour    |       |       |       |    73 |    99 |   134 ||   306
       Acid dragon scale |       |       |       |       |   274 |     3 ||   277
       Chain mail        |       |       |       |       |       |    96 ||    96
Dodge: Dodged            |    66 |    74 |   102 |   306 |   598 |   533 ||  1679
       Repelled          |       |       |       |       |       |    58 ||    58
Block: Buckler           |       |       |   182 |   766 |  1354 |  1189 ||  3491
       Reflection        |       |       |    10 |    38 |    58 |   196 ||   302

Table legend: (Time is in decaauts)
 A = Elapsed time spent in this place.
 B = Non-inter-level travel time spent in this place.
 C = Inter-level travel time spent in this place.
 D = Time resting spent in this place.
 E = Time spent auto-exploring this place.
 F = Levels seen in this place.
 G = Mean time per level.
                   A        B        C        D        E       F      G
               +--------+--------+--------+--------+--------+-----+--------+
         Total |  33601 |  31704 |   1897 |   2735 |  19088 |  29 | 1158.7 |
       Dungeon |  17028 |  16052 |    976 |   1063 |  10533 |  15 | 1135.2 |
        Temple |    183 |    171 |     12 |      0 |    154 |   1 |  183.0 |
          Lair |   5668 |   5203 |    465 |     57 |   3551 |   6 |  944.7 |
        Shoals |     73 |     73 |      0 |      8 |      7 |   1 |   73.0 |
     Snake Pit |   8604 |   8262 |    342 |   1558 |   3730 |   4 | 2151.0 |
  Orcish Mines |   2042 |   1942 |    100 |     48 |   1111 |   2 | 1021.0 |
               +--------+--------+--------+--------+--------+-----+--------+

Top non-repeatable levels by time:
 Snake:3: 3456 daAuts
 Snake:4: 2720 daAuts
    D:12: 1790 daAuts
    D:14: 1579 daAuts
     D:1: 1554 daAuts
  Lair:4: 1518 daAuts
    D:11: 1301 daAuts
   Orc:2: 1286 daAuts
 Snake:1: 1254 daAuts
    D:13: 1212 daAuts
    D:10: 1201 daAuts
 Snake:2: 1172 daAuts
     D:9: 1171 daAuts
     D:4: 1091 daAuts
  Lair:6: 1078 daAuts
